 Dungeon Crawl Stone Soup version 0.31.0-9-g3a7656b989 (webtiles) character file.

Game seed: 154932289483967715

1390 qw the Skirmisher (level 8, -11/35 (40) HPs)
             Began as a Spriggan Hunter on Feb 2, 2024.
             Killed by divine providence
             ... invoked by Jeremiah
              (13 damage)
             ... on level 6 of the Dungeon.
             The game lasted 00:00:22 (4572 turns).

qw the Skirmisher (Spriggan Hunter)                 Turns: 4572, Time: 00:00:23

HP:   -11/35 (40)   AC:  2    Str:  7    XL:     8   Next: 40%
MP:   9/9           EV: 24    Int: 10    God:
Gold: 246           SH:  0    Dex: 21    Spells: 7/7 levels left

rFire   . . .        a - +1 shortbow (flame)
rCold   + . .        (shield currently unavailable)
rNeg    . . .        c - +0 robe
rPois   +            (helmet restricted)
rElec   .            (no cloak)
rCorr   .            (gloves unavailable)
SInv    +            (boots unavailable)
Will    +....        l - amulet of faith
Stlth   ++           d - ring of poison resistance
HPRegen 0.25/turn    i - ring of protection from cold
MPRegen 0.11/turn

%: faith
@: heavily drained, very quick
A: very small, no large weapons, unfitting armour, see invisible, speed 3
a: no special abilities


You were on level 6 of the Dungeon.
You visited 1 branch of the dungeon, and saw 6 of its levels.

You collected 246 gold pieces.


Innate Abilities, Weirdness & Mutations

You are very small and have problems with some larger weapons.
You are too small for most types of armour.
You have supernaturally acute eyesight. (SInv)
You cover ground extremely quickly. (Speed+++)


   Skills:
 - Level 3.0 Fighting
 + Level 8.7 Ranged Weapons
 - Level 8.4 Dodging
 - Level 1.5 Stealth


You had 7 spell levels left.
You didn't know any spells.
Your spell library was empty.

Inventory:

Hand Weapons
 a - a +1 shortbow of flaming (weapon)
Armour
 c - a +0 robe (worn)
Jewellery
 d - a ring of poison resistance (left hand)
 i - a ring of protection from cold (right hand)
 l - an amulet of faith (around neck)
 Y - a ring of willpower
Wands
 k - a wand of mindburst (3) (quivered)
 n - a wand of charming (9)
Scrolls
 e - a scroll of teleportation
 g - a scroll of noise {unknown}
Potions
 b - a potion of enlightenment
 f - a potion of brilliance {unknown}
 h - a potion of resistance
 j - a potion of curing
 m - a potion of degeneration {unknown}
 p - a potion of haste {unknown}

Dungeon Overview and Level Annotations

Branches:
Dungeon (6/15)
 Temple: D:4-7

Altars:
Yredelemnul

Shops:
D:2 :   D:5 :

Annotations:
D:6 Jeremiah


Message History

4552 ||| ZAPPING wand of mindburst (6) at 2,1 (Jeremiah; floor).
Aiming: Mindburst
Press: ? - help, Q - select action, (/) - cycle Shift-Dir - straight line, f - Jeremiah Jeremiah resists with some effort.
The butterfly disappears in a burst of colours!
Jeremiah closely misses you.
The butterfly disappears in a burst of colours! x2
Jeremiah hops!
4554 ||| FLEEEEING.
You shoot an arrow.
The arrow completely misses the butterfly.
The arrow barely misses the butterfly.
The butterfly disappears in a burst of colours! x3
4555 ||| FLEEEEING.
The butterfly disappears in a burst of colours! x2
4556 ||| FLEEEEING.
4557 ||| FLEEEEING.
You shoot an arrow. The arrow closely misses the butterfly.
4558 ||| FLEEEEING.
4559 ||| FLEEEEING.
You start resting.
The butterfly disappears in a burst of colours!
Jeremiah is nearby!
4561 ||| FLEEEEING.
You start resting.
The butterfly disappears in a burst of colours! x2
Jeremiah is nearby!
4567 ||| ZAPPING wand of mindburst (5) at 4,3 (Jeremiah; floor).
Aiming: Mindburst
Press: ? - help, Q - select action, (/) - cycle Shift-Dir - straight line, f - Jeremiah Jeremiah resists with some effort.
4568 ||| ZAPPING wand of mindburst (4) at 4,2 (Jeremiah; floor).
Aiming: Mindburst
Press: ? - help, Q - select action, (/) - cycle Shift-Dir - straight line, f/p - Jeremiah Jeremiah's mind is blasted!
Jeremiah cries, "Fearful master, protect me!"
Something smites you!
Jeremiah cries, "Fearful master, protect me!"
Something smites you!
You die...
Jeremiah wails, "I didn't mean to kill anyone!
I'm not a murderer!"

....##..
........#.#.#### ####.#
.....##.:......####...[.
......###.#.##......))..
...... ##.#.######)..)..
......##..#..# ##.....
.......#.###.# #.)...
... .....# #.# #.....
.... #...###)## #.....
..... #@..bF).##########
......#.#bbbb..........#
.....b..#).bb.....####.#
...............b..# #..
......#.#...).....# ###
........b.........#
....###.##...###### ###
#.## #..####.#########..
.. ...## #bF#........#


You could see Jeremiah.

Vanquished Creatures
  Duvessa (D:6)
  A black bear (D:5)
  A sky beast (D:6)
  2 ogres
  2 scorpions
  Dowan (D:6)
  A howler monkey (D:3)
  2 bombardier beetles
  2 hounds
  2 jellies
  An orc priest (D:6)
  2 gnoll boudas
  2 sleepcaps
  2 iguanas
  An orc wizard (D:6)
  10 adders
  9 gnolls
  2 ufetubi (D:6)
  3 dart slugs
  2 ribbon worms
  11 orcs
  9 ball pythons
  9 endoplasms
  4 giant cockroaches
  6 goblins
  8 hobgoblins
  3 jackals (D:1)
  6 kobolds
  A quokka (D:3)
  8 bats
  3 frilled lizards
  10 rats
127 creatures vanquished.

Notes
Turn   | Place    | Note
-------+----------+-------------------------------------------
     0 | D:1      | qw the Spriggan Hunter began the quest for the Orb.
     0 | D:1      | Reached XP level 1. HP: 10/10 MP: 2/2
     0 | D:1      | 0 ||| qw: Version: 0.3-a-155-g5e7d8dd
     0 | D:1      | 0 ||| qw: Game counter: 796
     0 | D:1      | 0 ||| qw: Melee chars always use a shield: true
     0 | D:1      | 0 ||| qw: God list: Okawaru
     0 | D:1      | 0 ||| qw: Allow faded altars: false
     0 | D:1      | 0 ||| qw: Do Orc after clearing Dungeon:15 true
     0 | D:1      | 0 ||| qw: Do second Lair branch before Depths: true
     0 | D:1      | 0 ||| qw: Lair rune preference: random
     0 | D:1      | 0 ||| qw: Goals: Normal
     0 | D:1      | 0 ||| PLANNING D:1-11
    79 | D:1      | Reached skill level 3 in Dodging
   151 | D:1      | Reached XP level 2. HP: 14/14 MP: 3/3
   375 | D:1      | Reached XP level 3. HP: 18/18 MP: 4/4
   501 | D:1      | 501 ||| UPGRADING to ring of protection from cold.
   502 | D:1      | 502 ||| READING scroll labelled ROICKI FAGEG.
   503 | D:1      | 503 ||| READING 2 scrolls labelled CYNUUKLEU.
   506 | D:1      | 506 ||| READING scroll labelled WEBRIC DUDITO.
   507 | D:1      | 507 ||| DROPPING scroll of butterflies.
   676 | D:2      | 676 ||| FLEEEEING.
   677 | D:2      | 677 ||| FLEEEEING.
   679 | D:2      | 679 ||| FLEEEEING.
   782 | D:2      | Found Plog's Vocational Training.
   886 | D:2      | Reached XP level 4. HP: 22/22 MP: 5/5
  1048 | D:2      | 1048 ||| READING scroll labelled RAVULY KEIM.
  1049 | D:2      | 1049 ||| READING 3 scrolls labelled MACHEE ZYIWNAGH.
  1050 | D:2      | 1050 ||| DROPPING 2 scrolls of fear.
  1112 | D:3      | 1112 ||| FLEEEEING.
  1251 | D:3      | Reached XP level 5. HP: 26/26 MP: 6/6
  1639 | D:3      | 1639 ||| READING scroll labelled AHU LIETACIAXE.
  1640 | D:3      | 1640 ||| READING scroll labelled NESOZY MIRENT.
  1640 | D:3      | 1640 ||| ENCHANTING +0 shortbow.
  1641 | D:3      | 1641 ||| READING scroll labelled BOAR QAEGOKHA.
  1641 | D:3      | 1641 ||| BRANDING +1 shortbow.
  1712 | D:4      | Reached skill level 6 in Ranged Weapons
  1864 | D:4      | Reached XP level 6. HP: 30/30 MP: 7/7
  1914 | D:4      | Reached skill level 6 in Dodging
  2243 | D:4      | Found a basalt altar of Yredelemnul.
  2584 | D:4      | 2584 ||| UPGRADING to ring of willpower.
  2585 | D:4      | 2585 ||| READING 3 scrolls labelled LIRAANAECS.
  2586 | D:4      | 2586 ||| DRINKING 2 emerald potions.
  2587 | D:4      | 2587 ||| DROPPING 2 scrolls of fog.
  2602 | D:5      | Entered Level 5 of the Dungeon
  2635 | D:5      | Reached XP level 7. HP: 35/35 MP: 8/8
  2808 | D:5      | Found Jilaed's Self-Published Books.
  3602 | D:5      | 3602 ||| UPGRADING to amulet of faith.
  3607 | D:5      | 3607 ||| READING scroll labelled HABEOR ADGHUOG.
  3607 | D:5      | 3607 ||| IDENTIFYING fizzy inky potion
  3608 | D:5      | 3608 ||| DRINKING 2 gluggy clear potions.
  3657 | D:5      | 3657 ||| DRINKING 2 metallic ruby potions.
  3658 | D:5      | 3658 ||| DROPPING potion of lignification.
  3877 | D:6      | HP: 6/35 [orc/+0 rapier (4)]
  3878 | D:6      | 3878 ||| READING 2 scrolls of teleportation.
  3993 | D:6      | 3993 ||| FLEEEEING.
  3994 | D:6      | 3994 ||| FLEEEEING.
  4026 | D:6      | Noticed Duvessa
  4026 | D:6      | Noticed Dowan
  4030 | D:6      | 4030 ||| RETREEEEATING.
  4033 | D:6      | 4033 ||| RETREEEEATING.
  4036 | D:6      | Killed Duvessa
  4037 | D:6      | Reached XP level 8. HP: 39/39 MP: 9/9
  4038 | D:6      | 4038 ||| ZAPPING wand of mindburst (14) at 3,1 (Dowan;
                  | floor).
  4039 | D:6      | 4039 ||| ZAPPING wand of mindburst (13) at 2,0 (Dowan;
                  | floor).
  4045 | D:6      | 4045 ||| ZAPPING wand of mindburst (12) at 1,0 (Dowan;
                  | floor).
  4045 | D:6      | Killed Dowan
  4048 | D:6      | 4048 ||| FLEEEEING.
  4049 | D:6      | 4049 ||| FLEEEEING.
  4050 | D:6      | 4050 ||| FLEEEEING.
  4051 | D:6      | 4051 ||| FLEEEEING.
  4052 | D:6      | 4052 ||| FLEEEEING.
  4053 | D:6      | 4053 ||| FLEEEEING.
  4054 | D:6      | 4054 ||| FLEEEEING.
  4055 | D:6      | 4055 ||| FLEEEEING.
  4056 | D:6      | 4056 ||| FLEEEEING.
  4058 | D:6      | 4058 ||| FLEEEEING.
  4059 | D:6      | 4059 ||| FLEEEEING.
  4060 | D:6      | 4060 ||| FLEEEEING.
  4061 | D:6      | 4061 ||| FLEEEEING.
  4062 | D:6      | 4062 ||| FLEEEEING.
  4063 | D:6      | 4063 ||| FLEEEEING.
  4064 | D:6      | 4064 ||| FLEEEEING.
  4065 | D:6      | 4065 ||| STAIRDANCE
  4112 | D:5      | 4112 ||| UPGRADING to ring of poison resistance.
  4114 | D:5      | 4114 ||| UPGRADING to ring of protection from cold.
  4116 | D:5      | 4116 ||| READING scroll labelled LIG UNIRAOPRA.
  4219 | D:6      | 4219 ||| STAIRDANCE
  4274 | D:6      | Reached skill level 3 in Fighting
  4524 | D:6      | Noticed Jeremiah
  4525 | D:6      | 4525 ||| ZAPPING wand of mindburst (11) at -7,-2 (Jeremiah;
                  | floor).
  4527 | D:6      | 4527 ||| ZAPPING wand of mindburst (10) at -6,-2 (Jeremiah;
                  | floor).
  4530 | D:6      | 4530 ||| ZAPPING wand of mindburst (9) at -4,-7 (Jeremiah;
                  | floor).
  4543 | D:6      | 4543 ||| ZAPPING wand of mindburst (8) at 3,0 (Jeremiah;
                  | floor).
  4545 | D:6      | 4545 ||| ZAPPING wand of mindburst (7) at 2,1 (Jeremiah;
                  | floor).
  4552 | D:6      | 4552 ||| ZAPPING wand of mindburst (6) at 2,1 (Jeremiah;
                  | floor).
  4554 | D:6      | 4554 ||| FLEEEEING.
  4555 | D:6      | 4555 ||| FLEEEEING.
  4556 | D:6      | 4556 ||| FLEEEEING.
  4557 | D:6      | 4557 ||| FLEEEEING.
  4558 | D:6      | 4558 ||| FLEEEEING.
  4559 | D:6      | 4559 ||| FLEEEEING.
  4561 | D:6      | 4561 ||| FLEEEEING.
  4567 | D:6      | 4567 ||| ZAPPING wand of mindburst (5) at 4,3 (Jeremiah;
                  | floor).
  4568 | D:6      | 4568 ||| ZAPPING wand of mindburst (4) at 4,2 (Jeremiah;
                  | floor).
  4571 | D:6      | HP: 2/35 [Jeremiah/divine providence (14)]
  4572 | D:6      | Killed from afar by Jeremiah

Levels and vault maps discovered:
D:1:      dpeg_arrival_castle, layout_rooms
D:2:      layout_rooms, nicolae_shop_vocational
D:3:      layout_basic, chequers_serial_rivers_marsh
D:4:      layout_basic, mainiacjoe_overflow_cross_hatched
D:5:      layout_layer_cave, chequers_serial_rivers_room_a, nicolae_custom_books
D:6:      layout_rooms, uniq_duvessa, uniq_jeremiah

Skill      XL: |  1  2  3  4  5  6  7  8 |
---------------+-------------------------+-----
Dodging        | 3 4 5 6 8 |  8.4
Ranged Weapons | 5 6 7 8 |  8.7
Fighting       | 2 3 |  3.0
Stealth        | |  1.5

Action                     |  1- 3 |  4- 6 |  7- 9 || total
---------------------------+-------+-------+-------++-------
   Fire: Shortbow          |   110 |   151 |   171 ||   432
  Evoke: Wand              |       |       |    11 ||    11
    Use: Scroll            |     3 |     6 |     3 ||    12
         Potion            |       |     1 |     2 ||     3
 Armour: Robe              |    10 |    13 |    32 ||    55
  Dodge: Dodged            |    37 |    59 |    84 ||   180

Table legend:
 A = Non-vault XP
 B = Vault XP
 C = Vault XP percentage of total XP
 D = Non-vault monster count
 E = Vault monster count
 F = Vault count percentage of total count
                 A         B        C        D         E       F
            +---------+---------+-------+---------+---------+-------
      Total |    1772 |     214 |  10.8 |     125 |       2 |   1.6
            +---------+---------+-------+---------+---------+-------
        D:1 |      45 |       0 |   0.0 |      25 |       0 |   0.0
        D:2 |      63 |       0 |   0.0 |      23 |       0 |   0.0
        D:3 |     175 |       0 |   0.0 |      19 |       0 |   0.0
        D:4 |     364 |       0 |   0.0 |      21 |       0 |   0.0
        D:5 |     580 |       0 |   0.0 |      14 |       0 |   0.0
        D:6 |     545 |     214 |  28.2 |      23 |       2 |   8.0
            +---------+---------+-------+---------+---------+-------
